 Dungeon Crawl Stone Soup version 0.18-b1-14-g029dad2 (webtiles) character file.

282 Chiseanne the Shield-Bearer (level 6, 41/41 HPs)
             Began as a Demonspawn Wizard on Apr 30, 2016.
             Was an Initiate of Gozag.
             Quit the game on level 4 of the Dungeon.
             The game lasted 00:08:51 (4908 turns).

Chiseanne the Shield-Bearer (Demonspawn Wizard)     Turns: 4908, Time: 00:08:51

Health: 41/41      AC:  4    Str:  8    XL:     6   Next: 6%
Magic:  3/12       EV: 12    Int: 21    God:    Gozag
Gold:   369        SH:  5    Dex: 15    Spells: 4 memorised, 5 levels left

rFire  . . .     SeeInvis .     n - +0 trident
rCold  . . .     Gourm    .     a - +0 robe
rNeg   . . .     Faith    .     i - +0 buckler
rPois  .         Spirit   .     b - +1 hat
rElec  .         Dismiss  .     (no cloak)
rCorr  .         Reflect  .     k - +0 pair of gloves
SustAt .         Harm     .     (no boots)
MR     .....                    (no amulet)
Stlth  +++.......               (no ring)
                                (no ring)

@: gold aura, very slightly contaminated, not resistant to hostile enchantments,
fairly stealthy
A: claws 1, thin skeletal structure 2
a: Potion Petition, Call Merchant, Bribe Branch, Renounce Religion


You were on level 4 of the Dungeon.
You worshipped Gozag.
Gozag was noncommittal.
You were not hungry.

You visited 1 branch of the dungeon, and saw 4 of its levels.

You collected 379 gold pieces.
You paid 10 gold pieces to Gozag.

Inventory:

Hand Weapons
 n - a +0 trident (weapon)
 w - a cursed -2 whip
Missiles
 h - 94 stones (quivered)
 j - 39 bolts
 l - 24 arrows
 o - 6 needles of paralysis
 u - 7 poisoned needles
Armour
 a - a +0 robe (worn)
 b - a +1 hat (worn)
 i - a +0 buckler (worn)
 k - a +0 pair of gloves (worn)
Jewellery
 f - an uncursed ring of ice
Scrolls
 g - a scroll of amnesia
 r - a scroll of teleportation
 t - 2 scrolls of enchant armour
Potions
 e - 4 potions of might
 m - 2 potions of cure mutation {unknown}
 p - 2 potions of heal wounds {unknown}
 q - a potion of cancellation {unknown}
 s - a potion of ambrosia {unknown}
 v - a potion of mutation {unknown}
Books
 c - a book of Minor Magic

   Spells                             Type                      Level
   a - Magic Dart                     Conjuration                  1
   b - Blink                          Translocation                2
   c - Call Imp                       Summoning                    2
   d - Repel Missiles                 Charms/Air                   2
   e - Slow                           Hexes                        2
   f - Conjure Flame                  Conjuration/Fire             3
   g - Mephitic Cloud                 Conjuration/Poison/Air       3
Comestibles
 d - a bread ration


   Skills:
 - Level 1.7 Dodging
 - Level 1.7 Stealth
 - Level 4.0 Shields
 * Level 4.0 Spellcasting
 * Level 2.7 Conjurations
   Level 1.0 Summonings
 - Level 0.8 Translocations


You had 5 spell levels left.
You knew the following spells:

 Your Spells              Type           Power        Failure   Level  Hunger
a - Magic Dart            Conj           ###.         4%          1    None
b - Blink                 Tloc           N/A          14%         2    #......
c - Repel Missiles        Chrm/Air       #.....       17%         2    #......
d - Mephitic Cloud        Conj/Pois/Air  #.......     30%         3    ###....


Dungeon Overview and Level Annotations

Branches:
Dungeon (4/15)
 Temple: D:4-7

Altars:
Elyvilon
Fedhas
Gozag
Trog


Innate Abilities, Weirdness & Mutations

You have sharp fingernails.
You have a moderately thin skeletal structure (Dex +4, Stealth+).


Message History

Aiming: Magic Dart
Press: ? - help, Shift-Dir - straight line, f/p - howler monkey
Aim: a howler monkey (almost dead)
The magic dart hits the howler monkey.
The howler monkey is almost dead.
The howler monkey misses you. x2
Casting: Magic Dart
Confirm with . or Enter, or press ? or * to list all spells.
Aiming: Magic Dart
Press: ? - help, Shift-Dir - straight line, f/p - howler monkey
Aim: a howler monkey (almost dead)
The magic dart hits the howler monkey.
You kill the howler monkey!
Your Spellcasting skill increases to level 4!
You have reached level 6!
Your experience leads to an increase in your attributes!
Increase (S)trength, (I)ntelligence, or (D)exterity?
You feel clever.
Your demonic ancestry asserts itself...
Your fingernails lengthen.
Are you sure you want to abandon this character and quit the game? (Confirm with "yes".)

#.........# ##
#.#######.#
.###.#<##....#
.....#..'....#
.##..####....##
..............#######.#
#.#..#######..#.......#
.....# ####..#'#######
#....####.......@#
#..>.............J$.....
#................###....
#.#.............[# ..
#.#..............#
#.#.......##..####
#.#...........#
#.#.#.#####......
#.#.#..# #......


You could see an ooze.

Vanquished Creatures
  A scorpion (D:4)
  A howler monkey (D:4)
  An orc wizard (D:3)
  6 adders
  3 gnolls (D:2)
  An ooze (D:1)
  2 worms
  2 dart slugs
  3 orcs (D:3)
  A ball python (D:4)
  6 bats
  3 giant cockroaches (D:2)
  5 goblins
  9 hobgoblins
  3 jackals (D:4)
  8 kobolds
  4 giant newts
  8 rats
67 creatures vanquished.

Notes
Turn   | Place    | Note
--------------------------------------------------------------
     0 | D:1      | Chiseanne the Demonspawn Wizard began the quest for the Orb.
     0 | D:1      | Reached XP level 1. HP: 13/13 MP: 4/4
   419 | D:1      | Gained mutation: You have a somewhat thin skeletal structure (Dex +2, Stealth). [demonic ancestry]
   419 | D:1      | Reached XP level 2. HP: 19/19 MP: 1/6
  1191 | D:2      | Learned a level 2 spell: Blink
  1194 | D:2      | Learned a level 2 spell: Repel Missiles
  1404 | D:2      | Reached skill level 1 in Shields
  1404 | D:2      | Reached XP level 3. HP: 24/24 MP: 1/7
  1466 | D:2      | Learned a level 3 spell: Mephitic Cloud
  1577 | D:2      | Found an opulent altar of Gozag.
  1706 | D:2      | Became a worshipper of Gozag Ym Sagoz the Greedy
  2067 | D:3      | Reached XP level 4. HP: 10/30 MP: 0/9
  2297 | D:3      | Found a white marble altar of Elyvilon.
  2491 | D:3      | Found a blossoming altar of Fedhas.
  2749 | D:3      | Found a bloodstained altar of Trog.
  3028 | D:2      | Gained mutation: You have a moderately thin skeletal structure (Dex +4, Stealth+). [demonic ancestry]
  3028 | D:2      | Reached XP level 5. HP: 29/35 MP: 0/10
  4907 | D:4      | Gained mutation: You have sharp fingernails. [demonic ancestry]
  4907 | D:4      | Reached XP level 6. HP: 41/41 MP: 2/12
  4908 | D:4      | Quit the game

Skill      XL: |  1  2  3  4  5 |
---------------+----------------+-----
Shields        | 1 2 3 4 |  4.0
Conjurations   | 2 |  2.7
Spellcasting   | 4 |  4.0
Dodging        | |  1.7
Stealth        | |  1.7
Summonings     | |  1.0
Translocations | |  0.8

Action                   |  1- 3 |  4- 6 || total
-------------------------+-------+-------++-------
Melee: Unarmed           |    16 |       ||    16
       Club              |     2 |       ||     2
       Spear             |     8 |     4 ||    12
       Trident           |       |     4 ||     4
 Cast: Magic Dart        |    84 |   133 ||   217
  Use: Scroll            |     4 |     3 ||     7
  Eat: Chunk             |     3 |       ||     3
       Bread ration      |       |     2 ||     2
Armor: Robe              |     8 |     9 ||    17
Dodge: Dodged            |    24 |    18 ||    42
Block: Buckler           |     6 |    10 ||    16
